AoeStats
← bro

Arabia

510430696Analyzed
2v2 RM · 15h ago on Oct 1, 2026· 38m 48s· 4 players
Game mode
Random Map
Map size
Medium (4 player)
Population
200
Speed
Normal
Resources
Standard
Victory
Conquest
Starting age
Dark Age
Ending age
Imperial Age
RankedLock teamsTeams togetherTeam positionsShared explorationLock speedFull tech treeHidden civsTurbo modeCheats
Victory
Defeat
🇨🇦 Franks · Canada
1072
+14
🇨🇦 Inca · Canada
1016
+16
🇺🇸 Franks · United States
1025
-15
🇨🇳 Poles · China
1012
-15
Yudgers555
0:57 Loom
11:21 Feudal Age
12:08 Double-Bit Axe
17:12 Wheelbarrow
22:58 Castle Age
24:18 Squires
26:01 Scale Mail Armor
26:03 Stone Mining
27:36 Gold Mining
27:12 Pikeman
30:23 Town Watch
31:52 Gambesons
bro
9:50 Loom
11:36 Feudal Age
15:38 Castle Age
23:16 Double-Bit Axe
28:34 Horse Collar
33:10 Imperial Age
31:20 Heavy Plow
31:32 Bow Saw
31:15 Gold Mining
33:00 Forging
32:50 Scale Mail Armor
34:14 Conscription
34:40 Iron Casting
34:11 Squires
33:56 Arson
35:43 Bloodlines
35:33 Husbandry
34:54 Light Cavalry
38:31 Blast Furnace
37:47 Chain Mail Armor
37:37 Scale Barding Armor
38:41 Winged Hussar
Hesam Herkul
5:46 Loom
8:27 Feudal Age
11:50 Champi Runner
14:50 Arson
18:07 Wheelbarrow
21:13 Castle Age
19:16 Double-Bit Axe
19:18 Horse Collar
21:08 Gold Mining
22:35 Heavy Plow
22:46 Bow Saw
23:35 Gold Shaft Mining
23:46 Stone Mining
24:38 Champi Warrior
25:19 Squires
25:49 Forging
25:40 Scale Mail Armor
28:20 Stone Shaft Mining
28:25 Hand Cart
32:35 Chain Mail Armor
36:45 Imperial Age
36:48 Elite Champi Warrior
The PacMan
6:02 Loom
9:42 Feudal Age
14:24 Scale Barding Armor
20:54 Castle Age
20:10 Forging
22:53 Coinage
22:49 Gold Mining
23:00 Double-Bit Axe
24:37 Iron Casting
24:42 Husbandry
30:14 Stone Mining
31:21 Gold Shaft Mining
33:04 Chain Barding Armor
33:31 Wheelbarrow
35:34 Hand Cart
35:04 Town Watch
38:31 Imperial Age
38:19 Murder Holes
38:46 Cavalier
Connection lost

Rejoining the realm…

Still unreachable

The connection could not be restored.

Session expired

The server has moved on; the page needs a fresh start.